 Dungeon Crawl Stone Soup version 0.31-a0-705-ga145531891 (webtiles) character file.

Game seed: 8048017646349878612

119 qw the Shooter (level 5, -1/32 HPs)
             Began as a Gargoyle Hunter on Sept 9, 2023.
             Killed by divine providence
             ... invoked by an orc priest
              (13 damage)
             ... on level 3 of the Dungeon.
             The game lasted 00:02:37 (1734 turns).

qw the Shooter (Gargoyle Hunter)                    Turns: 1734, Time: 00:02:37

Health: -1/32      AC: 10    Str: 14      XL:     5   Next: 3%
Magic:  5/5        EV: 11    Int:  9 (10) God:
Gold:   74         SH:  0    Dex: 15      Spells: 4/4 levels left

rFire   . . .        Y - +0 shortbow
rCold   . . .        (shield currently unavailable)
rNeg    + . .        e - +0 ring mail
rPois   inf          (no helmet)
rElec   +            (no cloak)
rCorr   .            j - +0 pair of gloves
SInv    .            (no boots)
Will    .....        (no amulet)
Stlth   +            (no ring)
HPRegen 0.25/turn    (no ring)
MPRegen 0.09/turn

%: no passive effects
@: no status effects
A: sickness immunity, AC +4, negative energy resistance 1, electricity
resistance, torment resistance 1, petrification resistance
a: no special abilities


You were on level 3 of the Dungeon.
You visited 1 branch of the dungeon, and saw 3 of its levels.

You collected 74 gold pieces.


Innate Abilities, Weirdness & Mutations

You are immune to sickness and miasma.
Your stone body is resilient. (AC +4)
You are immune to poison.
You resist negative energy. (rN+)
You are resistant to electric shocks. (rElec)
You are resistant to unholy torment.
You are immune to petrification.


   Skills:
 - Level 3.0 Fighting
 + Level 5.4 Ranged Weapons
 - Level 2.0 Armour
 - Level 1.5 Dodging
 - Level 1.1 Stealth


You had 4 spell levels left.
You didn't know any spells.
Your spell library was empty.

Inventory:

Hand Weapons
 Y - a +0 shortbow (weapon)
Armour
 e - a +0 ring mail (worn)
 j - a +0 pair of gloves (worn)
Potions
 a - a potion of mutation {unknown}
 b - a potion of curing {unknown}
 c - a potion of brilliance {unknown}
 f - 2 potions of heal wounds
 g - a potion of berserk rage {unknown}
 i - 3 potions of attraction {unknown}

Dungeon Overview and Level Annotations

Branches:
Dungeon (3/15)

Altars:


Message History

The hound bites you but does no damage. x2
You shoot an arrow. The arrow closely misses the hound.
The hound barely misses you. The hound closely misses you.
You shoot an arrow. The arrow hits the hound!
You kill the hound!
You feel your intelligence returning.
You start resting.
HP restored.
There is an open door, spattered with blood here.
i - 3 fuming inky potions (gained 2)
An orc and an orc priest come into view.
The orc priest is wielding a +2 hand axe of flaming.
The orc shouts!
The orc priest shouts!
You hear a shout!
An orc comes into view. It is wielding a +0 dagger.
You hear an angry hiss.
Enter note:
Enter note: You shoot an arrow.
The arrow hits the orc!
You kill the orc!
A ball python comes into view.
You have reached level 5!
You shoot an arrow. The arrow closely misses the orc.
You shoot an arrow. The arrow hits the orc!
You kill the orc!
You shoot an arrow. The arrow hits the ball python.
You kill the ball python!
You shoot an arrow. The arrow hits the orc priest.
The orc priest is moderately wounded.
The orc priest calls down the wrath of Beogh upon you.
Pain shoots through your body!
You shoot an arrow. The arrow hits the orc priest.
The orc priest is heavily wounded.
The orc priest calls down the wrath of Beogh upon you.
Beogh smites you!
Ouch! That really hurt!
You shoot an arrow. The arrow barely misses the orc priest.
You shoot an arrow. The arrow barely misses the orc priest.
The orc priest calls down the wrath of Beogh upon you.
Beogh smites you!
You die...

.. +.................#
..
#.................####
...
##.......###.##......#
##.....## #.##.####.#
##...## #.##.# .# ##+#
#.##.####.#
##.######.......#.#
#..).o.#####.##.#.#
#@# #.##.#.# #.#
#.##.#.# #.# #......#
#.########.###
#..........#
############


You could see an orc priest.

Vanquished Creatures
  2 hounds (D:3)
  3 dart slugs
  2 orcs (D:3)
  5 ball pythons
  8 endoplasms
  3 giant cockroaches
  4 goblins
  4 hobgoblins
  2 jackals (D:1)
  5 bats
  5 frilled lizards
  A kobold (D:2)
  A rat (D:2)
45 creatures vanquished.

Notes
Turn   | Place    | Note
-------+----------+-------------------------------------------
     0 | D:1      | qw the Gargoyle Hunter began the quest for the Orb.
     0 | D:1      | Reached XP level 1. HP: 12/12 MP: 1/1
     0 | D:1      | 0 ||| qw: Version: 0.3-a-80-g3c65f65
     0 | D:1      | 0 ||| qw: Game counter: 1304
     0 | D:1      | 0 ||| qw: Melee chars always use a shield: true
     0 | D:1      | 0 ||| qw: God list: Okawaru
     0 | D:1      | 0 ||| qw: Allow faded altars: false
     0 | D:1      | 0 ||| qw: Do Orc after clearing Dungeon:15 true
     0 | D:1      | 0 ||| qw: Do second Lair branch before Depths: true
     0 | D:1      | 0 ||| qw: Lair rune preference: random
     0 | D:1      | 0 ||| qw: Goals: Normal
     0 | D:1      | 0 ||| PLANNING D:1-11
     0 | D:1      | 0 ||| qw: Version: 0.3-a-80-g6dc2883
     0 | D:1      | 0 ||| qw: Game counter: 1305
     0 | D:1      | 0 ||| qw: Melee chars always use a shield: true
     0 | D:1      | 0 ||| qw: God list: Okawaru
     0 | D:1      | 0 ||| qw: Allow faded altars: false
     0 | D:1      | 0 ||| qw: Do Orc after clearing Dungeon:15 true
     0 | D:1      | 0 ||| qw: Do second Lair branch before Depths: true
     0 | D:1      | 0 ||| qw: Lair rune preference: random
     0 | D:1      | 0 ||| qw: Goals: Normal
     0 | D:1      | 0 ||| PLANNING D:1-11
     0 | D:1      | 0 ||| qw: Version: 0.3-a-80-gf4d2a87
     0 | D:1      | 0 ||| qw: Game counter: 1306
     0 | D:1      | 0 ||| qw: Melee chars always use a shield: true
     0 | D:1      | 0 ||| qw: God list: Okawaru
     0 | D:1      | 0 ||| qw: Allow faded altars: false
     0 | D:1      | 0 ||| qw: Do Orc after clearing Dungeon:15 true
     0 | D:1      | 0 ||| qw: Do second Lair branch before Depths: true
     0 | D:1      | 0 ||| qw: Lair rune preference: random
     0 | D:1      | 0 ||| qw: Goals: Normal
     0 | D:1      | 0 ||| PLANNING D:1-11
    19 | D:1      | 19 ||| PLANNING D:1-11
   130 | D:1      | Reached XP level 2. HP: 17/17 MP: 2/2
   269 | D:1      | 269 ||| PLANNING D:1-11
   413 | D:1      | Reached XP level 3. HP: 20/21 MP: 3/3
   417 | D:1      | Reached skill level 5 in Ranged Weapons
   832 | D:1      | 832 ||| READING scroll labelled ICWIUCWIRU.
   835 | D:1      | 835 ||| DRINKING 2 red potions.
   836 | D:1      | 836 ||| DRINKING 2 viscous sapphire potions.
   837 | D:1      | 837 ||| DROPPING scroll of butterflies.
   838 | D:1      | 838 ||| DROPPING potion of degeneration.
  1275 | D:2      | Reached skill level 3 in Fighting
  1529 | D:2      | 1529 ||| UPGRADING to +0 ring mail.
  1539 | D:2      | 1539 ||| DROPPING +0 leather armour.
  1540 | D:2      | 1540 ||| UPGRADING to +0 pair of gloves.
  1545 | D:2      | 1545 ||| READING scroll labelled LONOLI XUMI.
  1546 | D:2      | 1546 ||| READING scroll labelled FEDEKI XODAOPT.
  1609 | D:3      | Reached XP level 4. HP: 24/28 MP: 4/4
  1609 | D:3      | 1609 ||| STAIRDANCE
  1728 | D:3      | Reached XP level 5. HP: 32/32 MP: 5/5
  1734 | D:3      | Killed from afar by an orc priest

Levels and vault maps discovered:
D:1:      ebering_hopf_link, layout_loops_corners
D:2:      layout_loops_ring, kennysheep_generic_room_15
D:3:      layout_loops_corners, ebering_ghost_disaster_area, uniq_robin,
          uniq_grinder

Skill      XL: |  1  2  3 |
---------------+----------+-----
Ranged Weapons | 5 |  5.4
Fighting       | 3 |  3.0
Armour         | 2 |  2.0
Dodging        | |  1.5
Stealth        | |  1.1

Action                     |  1- 3 |  4- 6 || total
---------------------------+-------+-------++-------
   Fire: Shortbow          |   109 |    13 ||   122
    Use: Scroll            |     3 |       ||     3
         Potion            |     2 |       ||     2
 Armour: Leather armour    |    14 |       ||    14
         Ring mail         |     6 |     4 ||    10
  Dodge: Dodged            |    17 |     4 ||    21

Table legend:
 A = Non-vault XP
 B = Vault XP
 C = Vault XP percentage of total XP
 D = Non-vault monster count
 E = Vault monster count
 F = Vault count percentage of total count
                 A         B        C        D         E       F
            +---------+---------+-------+---------+---------+-------
      Total |     170 |       0 |   0.0 |      45 |       0 |   0.0
            +---------+---------+-------+---------+---------+-------
        D:1 |      49 |       0 |   0.0 |      25 |       0 |   0.0
        D:2 |      26 |       0 |   0.0 |      15 |       0 |   0.0
        D:3 |      95 |       0 |   0.0 |       5 |       0 |   0.0
            +---------+---------+-------+---------+---------+-------
